 Dungeon Crawl Stone Soup version 0.24.0-13-gcf9b3192b9 (webtiles) character file.

Game seed: 10028091575089919992, levelgen mode: deterministic

49 Mrkan the Conjurer (level 3, -1/28 HPs)
             Began as a Draconian Conjurer on Nov 5, 2019.
             Slain by a hobgoblin
             ... wielding a +0 club
              (5 damage)
             ... on level 2 of the Dungeon.
             The game lasted 00:03:24 (2137 turns).

Mrkan the Conjurer (Draconian Conjurer)             Turns: 2137, Time: 00:03:24

Health: -1/28      AC:  5    Str: 11    XL:     3   Next: 53%
Magic:  6/6        EV: 12    Int: 15    God:
Gold:   79         SH:  0    Dex: 11    Spells: 5/6 levels left

rFire    . . .     SeeInvis .   c - +0 spear
rCold    . . .     Gourm    .   (no shield)
rNeg     . . .     Faith    .   (armour unavailable)
rPois    .         Spirit   .   (helmet restricted)
rElec    .         Reflect  .   (no cloak)
rCorr    .         Harm     .   (no gloves)
MR       .....                  (no boots)
Stlth    ++........             (no amulet)
HPRegen  0.09/turn              (no ring)
MPRegen  0.10/turn              (no ring)

@: no status effects
A: unfitting armour, cold-blooded, AC +5
a: no special abilities


You were on level 2 of the Dungeon.
You were not hungry.

You visited 1 branch of the dungeon, and saw 2 of its levels.

You collected 79 gold pieces.

Inventory:

Hand Weapons
 c - a +0 spear (weapon)
Scrolls
 a - a scroll of enchant weapon {unknown}
 d - a scroll of remove curse {unknown}
 g - a scroll of identify {unknown}
Potions
 e - a potion of degeneration {unknown}
Comestibles
 b - 3 rations


   Skills:
 + Level 1.4 Fighting
 - Level 1.7 Dodging
 - Level 1.7 Stealth
 + Level 2.4 Spellcasting
 * Level 4.7 Conjurations


You had 5 spell levels left.
You knew the following spells:

 Your Spells              Type           Power        Failure   Level  Hunger
a - Magic Dart            Conj           ###.         3%          1    #......

Your spell library contained the following spells:

 Spells                   Type           Power        Failure   Level  Hunger
 Searing Ray              Conj           ###...       4%          2    ###....
 Dazzling Spray           Conj/Hex       #.....       24%         3    ###....
 Iskenderun's Mystic Bla  Conj           ###.....     30%         4    #####..
 Force Lance              Conj/Tloc      #.......     61%         4    #####..
 Fulminant Prism          Conj/Hex       #.........   61%         4    #####..


Dungeon Overview and Level Annotations

Branches:
Dungeon (2/15)

Altars:


Innate Abilities, Weirdness & Mutations

Your plain brown scales are hard. (AC +5)
You cannot fit into any form of body armour.
You are cold-blooded and may be slowed by cold attacks.


Message History

You start resting.
Eating one of 6 chunks of flesh.
You eat one of the 6 chunks of flesh.
This raw flesh tastes terrible.
HP restored.
Done exploring.
Done exploring.
There is a stone staircase leading down here.
All of the chunks of flesh in your inventory have rotted away.
You climb downwards.
The hobgoblin hits you with a +0 club. The rat bites you.
The hobgoblin hits you with a +0 club. The hobgoblin barely misses you.
The rat bites you but does no damage. The hobgoblin hits you with a +0 club.
There is a stone staircase leading up, spattered with blood here.
You hit the rat.
The rat is moderately wounded.
The giant cockroach misses you.
The hobgoblin hits you with a +0 club. x2
* * * LOW HITPOINT WARNING * * *
The rat bites you.
* * * LOW HITPOINT WARNING * * *
The rat bites you but does no damage. The hobgoblin closely misses you.
The giant cockroach closely misses you. The hobgoblin hits you with a +0 club.
You die...

#........(...$......)..
#.........##........#..
#......(..##....#.....#
######.(#.##[#.....?#.#
### ###..#(##.#$.......<
....#..w...##.h..#......
)......K...#............
......grs...............
.......@r.......
......gg........
................
................
..............%.
..$.#..........#
########..#.... ..#....


You could see a worm, a jackal (wandering), a giant cockroach, 3 hobgoblins, a
kobold and 2 rats.

Vanquished Creatures
  A dart slug (D:1)
  3 leopard geckos (D:1)
  A giant cockroach (D:1)
  8 goblins (D:1)
  5 hobgoblins (D:1)
  6 jackals (D:1)
  6 bats (D:1)
  4 frilled lizards
  4 kobolds
  2 rats (D:1)
40 creatures vanquished.

Notes
Turn   | Place    | Note
-------+----------+-------------------------------------------
     0 | D:1      | Mrkan the Draconian Conjurer began the quest for the Orb.
     0 | D:1      | Reached XP level 1. HP: 14/14 MP: 3/3
   276 | D:1      | Reached XP level 2. HP: 9/22 MP: 3/5
   725 | D:1      | Reached skill level 1 in Fighting
   951 | D:1      | Reached XP level 3. HP: 24/28 MP: 6/6
  2137 | D:2      | Slain by a hobgoblin

Levels and vault maps discovered:
D:1:      evilmike_arrival_plus, layout_loops_cross, minmay_misc_feat_iff,
          nrook_loot_triangle, minmay_misc_feat_tower
D:2:      layout_rooms

Skill      XL: |  1  2 |
---------------+-------+-----
Fighting       | 1 |  1.4
Dodging        | |  1.7
Stealth        | |  1.7
Spellcasting   | |  2.4
Conjurations   | |  4.7

Action                   || total
-------------------------++-------
Melee: Unarmed           ||    43
       Tailslap          ||     9
       Spear             ||   145
 Cast: Magic Dart        ||     9
 Stab: Sleeping          ||     2
  Eat: Chunk             ||     4
Armor: Skin              ||    97
Dodge: Dodged            ||   199
